[Event "Titled Tuesday Blitz February 28 Early 2023"]
[White "Martin, Lewis"]
[Black "Bashirli, Saadat"]
[WhiteFideId "410551"]
[BlackFideId "13429990"]
[WhiteElo "2145"]
[BlackElo "1408"]
[Result "0-1"]
[Round "11"]
[TimeControl "180+2"]
[Date "2023.02.28"]
[WhiteClock "0:00:28"]
[BlackClock "0:01:18"]

1. e4 c5 2. Nf3 g6 3. d4 cxd4 4. Nxd4 Nc6 5. Nc3 Bg7 6. Be3 Nf6 7. Be2 O-O 8. Nb3 d6 9. f4 a5 10. a3 Bd7 11. O-O Rb8 12. h3 Be6 13. Bf3 Nd7 14. g4 Bxb3 15. cxb3 b5 16. Qd2 b4 17. Nd5 bxa3 18. Rxa3 Nc5 19. Qc2 Nd4 20. Bxd4 Bxd4+ 21. Kg2 Rc8 22. Qd2 Bg7 23. Re1 Rb8 24. Qc2 Rc8 25. Nc3 Na6 26. Qe2 Nb4 27. Rc1 Qb6 28. e5 dxe5 29. fxe5 Rfd8 30. Raa1 Nd3 31. Qe4 Nxc1 32. Rxc1 Rd2+ 33. Kg3 Qf2+ 34. Kf4 Bh6+ 35. g5 Qh4+ 36. Ke3 Bxg5+ 37. Qf4 Qxf4# 0-1


[Site "https://www.chess.com"]

[Event "Titled Tuesday Blitz February 28 Early 2023"]
[White "De Souza, Cristiano Gomes"]
[Black "Tarnowska, Aleksandra"]
[WhiteFideId "2151758"]
[BlackFideId "1180967"]
[WhiteElo "2068"]
[BlackElo "1776"]
[Result "0-1"]
[Round "11"]
[TimeControl "180+2"]
[Date "2023.02.28"]
[WhiteClock "0:01:06"]
[BlackClock "0:00:04"]

1. d4 d5 2. c4 e6 3. Nf3 Nf6 4. Nc3 Be7 5. Bg5 O-O 6. e3 h6 7. Bh4 b6 8. Rc1 Bb7 9. Bxf6 Bxf6 10. cxd5 exd5 11. b4 c6 12. Bd3 Nd7 13. O-O Re8 14. a4 Rc8 15. Bf5 Qe7 16. b5 cxb5 17. Nxb5 Rxc1 18. Qxc1 Rc8 19. Qb1 a6 20. Na3 Qxa3 21. Bxd7 Rc7 22. Bh3 Qd6 23. Rc1 Rxc1+ 24. Qxc1 Bc6 25. Bc8 Bxa4 26. Bxa6 b5 27. Qc8+ Qd8 28. Qc6 Qa5 29. Bc8 Bc2 30. Qe8+ Kh7 31. Qxf7 Qa1+ 0-1


[Site "https://www.chess.com"]

[Event "Titled Tuesday Blitz February 28 Early 2023"]
[White "Mendez Machado, Andre"]
[Black "Necula, Iulian"]
[WhiteFideId "6603793"]
[BlackFideId "1232380"]
[WhiteElo "1989"]
[BlackElo "1790"]
[Result "1-0"]
[Round "11"]
[TimeControl "180+2"]
[Date "2023.02.28"]
[WhiteClock "0:02:12"]
[BlackClock "0:02:02"]

1. e4 d6 2. d4 Nf6 3. Nc3 e5 4. dxe5 dxe5 5. Qxd8+ Kxd8 6. Nf3 Bd6 7. Bg5 h6 8. Bxf6+ gxf6 9. O-O-O Ke7 10. Nd5+ Ke6 11. g3 f5 12. Bh3 f6 13. Bxf5+ Kf7 14. Nh4 Bxf5 15. Nxf5 Nc6 16. Rd3 Ne7 17. Ndxe7 Bxe7 18. Rd7 1-0


[Site "https://www.chess.com"]

[Event "Titled Tuesday Blitz February 28 Early 2023"]
[White "parintele_chess"]
[Black "Jenkins, Drake"]
[BlackFideId "2022397"]
[WhiteElo "2224"]
[BlackElo "2320"]
[Result "1-0"]
[Round "11"]
[TimeControl "180+2"]
[Date "2023.02.28"]
[WhiteClock "0:00:08"]
[BlackClock "0:00:01"]

1. d4 Nf6 2. Bf4 c5 3. e3 g6 4. Nf3 Bg7 5. Be2 O-O 6. c3 d6 7. O-O Nbd7 8. h3 Rb8 9. a4 a6 10. Nbd2 b5 11. axb5 axb5 12. dxc5 Nxc5 13. Nd4 Bd7 14. b4 Nce4 15. Nxe4 Nxe4 16. Qc2 Nf6 17. Ra7 e5 18. Rfa1 exf4 19. exf4 Nd5 20. Qd2 Rc8 21. R1a3 Rc7 22. Ra8 Qxa8 23. Rxa8 Rxa8 24. Bxb5 Nxc3 25. Bxd7 Bxd4 26. Bg4 Rc4 27. Qd3 d5 28. Bf3 Ra1+ 29. Kh2 Bxf2 30. Bxd5 Bg1+ 31. Kg3 Nxd5 32. Qxc4 Ra3+ 33. Kh4 Bf2+ 34. Kg5 f6+ 35. Kh6 1-0


[Site "https://www.chess.com"]

[Event "Titled Tuesday Blitz February 28 Early 2023"]
[White "Ruiz Aguilar, Pablo Alexander"]
[Black "Ricaurte Lopez, Juan Carlos"]
[WhiteFideId "4401352"]
[BlackFideId "3600327"]
[WhiteElo "2138"]
[BlackElo "2209"]
[Result "1-0"]
[Round "11"]
[TimeControl "180+2"]
[Date "2023.02.28"]
[WhiteClock "0:00:18"]
[BlackClock "0:00:01"]

1. e4 e6 2. d4 d5 3. e5 c5 4. c3 Nc6 5. Nf3 Qb6 6. a3 Bd7 7. b4 cxd4 8. cxd4 Nge7 9. Bb2 Nf5 10. Be2 Be7 11. O-O O-O 12. Kh1 Rac8 13. Nc3 Ncxd4 14. Nxd5 exd5 15. Nxd4 Rfd8 16. Nxf5 Bxf5 17. Bd4 Qe6 18. Bd3 b6 19. f4 Be4 20. Qe2 Qf5 21. Rad1 Rc7 22. Bxe4 dxe4 23. Be3 Rcd7 24. Rxd7 Qxd7 25. f5 Qd5 26. f6 Bf8 27. fxg7 Bxg7 28. Qh5 Qxe5 29. Qxf7+ Kh8 30. h3 Rg8 31. Qc4 Bf6 32. Qf7 Bh4 33. Bh6 Qg3 34. Rg1 Bd8 35. Bf4 Qc3 36. Qf5 1-0


[Site "https://www.chess.com"]

[Event "Titled Tuesday Blitz February 28 Early 2023"]
[White "Zaichenko, Daria"]
[Black "Tagliati, Eleonore"]
[WhiteFideId "4197453"]
[BlackFideId "45172234"]
[WhiteElo "2039"]
[BlackElo "2212"]
[Result "1/2-1/2"]
[Round "11"]
[TimeControl "180+2"]
[Date "2023.02.28"]
[WhiteClock "0:00:06"]
[BlackClock "0:00:13"]

1. e4 c5 2. Nf3 Nc6 3. d4 cxd4 4. Nxd4 Nf6 5. Nc3 e5 6. Ndb5 d6 7. Bg5 a6 8. Na3 b5 9. Nd5 Be7 10. Bxf6 Bxf6 11. c3 O-O 12. Nc2 Rb8 13. Be2 Bg5 14. O-O g6 15. f4 exf4 16. Nxf4 Ne5 17. Nd5 Be6 18. Nd4 Bxd5 19. exd5 Be3+ 20. Kh1 Qh4 21. Nf3 Nxf3 22. Bxf3 Bf4 23. g3 Bxg3 24. Qc2 b4 25. c4 Be5 26. Rae1 a5 27. b3 Rbe8 28. Re4 Qh3 29. Bg4 Qc3 30. Qg2 Kh8 31. Ree1 f5 32. Bf3 Qd4 33. Rd1 Qh4 34. Rde1 g5 35. Bd1 g4 36. Qf2 Qh3 37. Qg2 Qh4 38. Re2 Qg5 39. Ref2 h5 40. h3 Qh4 41. Rxf5 Rg8 42. Rf7 Rg7 43. R1f5 Rxf7 44. Rxf7 Qe1+ 45. Rf1 Qe3 46. hxg4 h4 47. Qf3 Qxf3+ 48. Bxf3 Rf8 49. Kg2 Kg7 50. Be2 Rxf1 51. Bxf1 Kf6 52. Kf3 Kg5 53. Bh3 Bg3 54. Ke4 Kf6 55. Bg2 Kg5 56. Bh3 Kg6 57. Bg2 Kh6 58. Kf5 Kg7 59. Bh3 Kh6 60. g5+ Kg7 61. Bg4 Kf7 62. g6+ Kg7 63. Kg5 Be1 64. Be6 Bf2 65. Bh3 Be1 66. Kf5 Bg3 67. Kg5 Be1 68. Bg4 Bg3 69. Bh3 Be1 1/2-1/2


[Site "https://www.chess.com"]

[Event "Titled Tuesday Blitz February 28 Early 2023"]
[White "Kriti Mayur Patel"]
[Black "Michalski, Olaf"]
[WhiteFideId "35061780"]
[BlackFideId "1106740"]
[WhiteElo "1306"]
[BlackElo "2173"]
[Result "0-1"]
[Round "11"]
[TimeControl "180+2"]
[Date "2023.02.28"]
[WhiteClock "0:00:48"]
[BlackClock "0:00:05"]

1. e4 c5 2. d4 cxd4 3. c3 dxc3 4. Nxc3 Nc6 5. Nf3 e6 6. Bc4 a6 7. O-O Qc7 8. Qe2 Nf6 9. Bg5 Ng4 10. Rfd1 Bc5 11. Bh4 O-O 12. h3 Nge5 13. Bg3 d6 14. Nxe5 dxe5 15. Rac1 b5 16. Nxb5 axb5 17. Bxb5 Qb6 18. Bxc6 Qxc6 19. b4 Bxf2+ 20. Bxf2 Qa4 21. Bc5 Ba6 22. Qf2 Rfd8 23. Rxd8+ Rxd8 24. Be7 Rd4 25. Bc5 Rxe4 26. Qf3 Bb7 27. Bd6 h6 28. Rf1 f5 29. Qc3 Qxa2 30. Qc7 Qd5 31. Bxe5 Rxe5 32. Qc2 Kh7 33. Kh2 Re3 34. Rf2 Qe5+ 35. Kg1 Re1+ 36. Rf1 Qe3+ 37. Kh2 Rxf1 38. b5 Qg1+ 39. Kg3 Qxg2+ 40. Qxg2 Bxg2 41. Kxg2 Rb1 42. Kg3 Rxb5 43. Kh4 Rb3 44. Kh5 Rxh3# 0-1


[Site "https://www.chess.com"]

[Event "Titled Tuesday Blitz February 28 Early 2023"]
[White "Nery Junior, Jose Antonio"]
[Black "Seifert, Henryk"]
[WhiteFideId "2104822"]
[BlackFideId "1100963"]
[WhiteElo "2197"]
[BlackElo "2071"]
[Result "1-0"]
[Round "11"]
[TimeControl "180+2"]
[Date "2023.02.28"]
[WhiteClock "0:02:20"]
[BlackClock "0:00:11"]

1. e4 e6 2. d4 d5 3. Nd2 Nf6 4. e5 Nfd7 5. Bd3 c5 6. c3 Nc6 7. Ne2 Qb6 8. Nf3 cxd4 9. cxd4 f6 10. Nf4 fxe5 11. dxe5 Bb4+ 12. Kf1 Ndxe5 13. Nxe5 Nxe5 14. Qh5+ Nf7 15. Bxh7 Bd7 16. Ng6 Bb5+ 17. Kg1 O-O-O 18. Nxh8 Rxh8 19. Qxf7 Rxh7 20. Qg8+ 1-0


[Site "https://www.chess.com"]

[Event "Titled Tuesday Blitz February 28 Early 2023"]
[White "Dilmukhametov, Artur"]
[Black "Mahitosh, Dey"]
[WhiteFideId "24179922"]
[BlackFideId "25091468"]
[WhiteElo "2199"]
[BlackElo "2034"]
[Result "0-1"]
[Round "11"]
[TimeControl "180+2"]
[Date "2023.02.28"]
[WhiteClock "0:02:27"]
[BlackClock "0:02:37"]

1. d4 d5 2. Nc3 Nf6 3. Bf4 e6 4. e3 Bd6 5. Qf3 Bxf4 6. Qxf4 O-O 7. Bd3 Nbd7 8. h4 c5 9. O-O-O c4 10. Be2 b5 11. g4 b4 12. Na4 Qa5 13. Nc5 Nxc5 14. dxc5 Qxa2 15. g5 Ne4 16. c3 b3 17. Bd3 cxd3 18. Rxd3 Qa1# 0-1


[Site "https://www.chess.com"]

[Event "Titled Tuesday Blitz February 28 Early 2023"]
[White "Gholami Orimi, Mahdi"]
[Black "Larina, Maria"]
[WhiteFideId "12558486"]
[BlackFideId "24113182"]
[WhiteElo "2354"]
[BlackElo "1848"]
[Result "1-0"]
[Round "11"]
[TimeControl "180+2"]
[Date "2023.02.28"]
[WhiteClock "0:01:31"]
[BlackClock "0:00:08"]

1. e4 c6 2. d4 d5 3. Nc3 dxe4 4. Nxe4 Nf6 5. Nxf6+ exf6 6. c3 Bd6 7. Bd3 O-O 8. Qc2 Re8+ 9. Ne2 h5 10. Be3 Nd7 11. O-O-O Nf8 12. Kb1 g6 13. c4 f5 14. Nc3 f4 15. Bc1 Bc7 16. d5 Qh4 17. g3 fxg3 18. hxg3 Qg4 19. Rh4 Qf3 20. Be4 Qf6 21. Bf4 Bxf4 22. Rxf4 Qe7 23. dxc6 Rb8 24. Nd5 Qg5 25. Nf6+ Kg7 26. Nxe8+ Kg8 27. Nf6+ Kg7 28. Qc3 Kh6 29. Ng4+ hxg4 30. Qh8+ Nh7 31. Rh1+ Qh5 32. Rxh5+ gxh5 33. Qxh7+ Kg5 34. Qg7# 1-0